Marlies vs Wolves
Created - March 18, 2022 at 20:13
Goals
|
Marlies |
0 |
2 |
1 |
0 |
0 |
3 |
Wolves |
2 |
1 |
0 |
0 |
1 |
4 |
|
Shots
|
Marlies |
13 |
8 |
11 |
4 |
3 |
36 |
Wolves |
21 |
12 |
8 |
0 |
2 |
41 |
|
1st period
1. Wolves , Lawson Crouse 18 (Alexandre Grenier 36, Anton Lindholm 21) at 12:14 (PP)
2. Wolves , Thomas Spelling 19 (Kyle Rau 37) at 19:44
Penalties :
Colton Sissons (Tor) for Hooking (Minor) at 11:09
2nd period
3. Wolves , Alexandre Grenier 34 (Lawson Crouse 27, Kyle Rau 38) at 7:54 (PP)
4. Marlies , Pavel Zacha 16 (Nick Ritchie 32, Nicholas Baptiste 25) at 8:00
5. Marlies , Aleksi Saarela 15 (JT Compher 19, Neal Pionk 29) at 18:17
Penalties :
Colton Sissons (Tor) for Interference (Minor) at 7:47
3rd period
6. Marlies , Nick Ritchie 29 (Nicholas Baptiste 26, Pavel Zacha 29) at 4:54
Penalties :
Thomas Spelling (Chi) for Roughing (Minor) at 9:55, Mathieu Olivier (Tor) for Hooking (Minor) at 12:15
Overtime #1
No Goal
Penalties :
No Penalty
Shootout
Marlies, Linden Vey - Stopped by Laurent Brossoit
Wolves, Alexandre Grenier - Goal!
Marlies, Nick Ritchie - Stopped by Laurent Brossoit
Wolves, Kyle Rau - Stopped by Malcolm Subban
Marlies, JT Compher - Stopped by Laurent Brossoit
Penalties :
No Penalty
Goalie Stats
Malcolm Subban (Tor), 38 saves from 41 shots - (0.927), OTL, 12-10-3, 65:00 minutes
Laurent Brossoit (Chi), 33 saves from 36 shots - (0.917), W, 22-5-4, 65:00 minutes
Players Stats for Marlies
Player Name G A P +/- PIM S H SB GA TA FO MP PP MP PK MP
------------------------------------------------------------------------------------
Aleksi Saarela 1 0 1 1 0 3 2 0 0 0 5/10 16:51 0:00 0:43
Brett Pesce 0 0 0 0 0 4 1 3 0 0 0/0 20:27 0:35 1:04
Colton Sissons 0 0 0 0 4 0 2 0 0 1 3/7 14:40 0:45 1:09
Haydn Fleury 0 0 0 1 0 4 2 2 1 1 0/0 30:16 1:24 2:07
Jeff Corbett 0 0 0 1 0 1 0 0 1 1 0/0 14:52 0:35 0:00
Johan Larsson 0 0 0 0 0 0 2 0 1 0 1/2 14:44 0:00 0:16
JT Compher 0 1 1 1 0 2 2 1 2 0 0/0 17:05 0:45 0:00
Linden Vey 0 0 0 0 0 1 2 2 1 0 1/1 12:15 0:00 0:20
Logan Brown 0 0 0 0 0 2 0 0 0 0 1/1 7:08 0:00 0:00
Lucas Carlsson 0 0 0 1 0 0 0 0 0 0 0/0 14:17 0:00 0:00
Mathieu Olivier 0 0 0 0 2 1 0 1 0 0 0/0 7:26 0:00 0:00
Neal Pionk 0 1 1 1 0 6 0 2 1 0 0/0 28:20 1:24 1:04
Nicholas Baptiste 0 2 2 1 0 3 1 1 2 0 4/7 23:45 1:14 1:36
Nick Ritchie 1 1 2 1 0 4 2 1 2 0 2/2 25:00 1:14 2:18
Pavel Zacha 1 1 2 1 0 2 0 0 0 0 21/43 22:51 1:14 0:00
Shane Prince 0 0 0 1 0 0 2 0 0 0 0/1 17:53 0:45 0:00
Tim Erixon 0 0 0 0 0 1 2 2 0 4 0/0 21:48 0:00 2:07
Tyler Benson 0 0 0 0 0 2 1 0 0 1 0/0 7:08 0:00 0:00
Players Stats for Wolves
Player Name G A P +/- PIM S H SB GA TA FO MP PP MP PK MP
------------------------------------------------------------------------------------
Alexandre Grenier 1 1 2 -2 0 4 2 0 0 0 1/2 18:57 2:05 0:00
Anton Lindholm 0 1 1 0 0 0 0 1 1 1 0/0 19:53 1:15 0:47
Antti Suomela 0 0 0 0 0 0 2 0 0 1 4/10 14:15 0:00 0:06
Dylan Coghlan 0 0 0 0 0 0 0 0 0 0 0/0 0:00 0:00 0:00
Fredrik Olofsson 0 0 0 0 0 1 2 0 0 0 1/2 20:49 1:06 0:35
Jake Evans 0 0 0 0 0 2 0 0 0 0 0/1 6:18 0:00 0:00
Jakub Zboril 0 0 0 0 0 1 0 1 0 0 0/0 11:39 0:00 0:00
Jalen Chatfield 0 0 0 0 0 2 1 1 0 1 0/0 11:39 0:00 0:00
Jeff Petry 0 0 0 0 0 0 0 1 0 1 0/0 19:22 1:15 0:47
Jeffrey Foss 0 0 0 -1 0 1 0 6 0 2 0/0 26:54 1:56 1:12
Joe Morrow 0 0 0 -1 0 4 1 0 0 0 0/0 26:54 1:56 1:12
Joona Koppanen 0 0 0 0 0 0 0 0 0 0 0/0 0:00 0:00 0:00
Kale Clague 0 0 0 -1 0 0 0 1 0 0 0/0 7:05 0:00 0:00
Kevin Stenlund 0 0 0 0 0 0 0 0 0 0 0/0 0:00 0:00 0:00
Kieffer Bellows 0 0 0 0 0 1 2 0 0 0 0/0 13:59 0:00 0:00
Kyle Rau 0 2 2 0 0 3 1 1 2 0 12/25 23:24 2:05 1:27
Lawson Crouse 1 1 2 -2 0 4 2 2 1 1 1/1 27:24 2:05 1:24
Liam O'Brien 0 0 0 0 0 0 0 0 0 0 0/0 0:00 0:00 0:00
Matthew Highmore 0 0 0 0 0 0 0 0 0 0 0/0 0:00 0:00 0:00
Samuel Girard 0 0 0 -1 0 0 1 1 0 0 0/0 7:05 0:00 0:00
Sebastian Aho 0 0 0 -2 0 4 0 0 1 1 16/30 19:48 1:06 0:26
Thomas Spelling 1 0 1 0 2 11 3 1 3 1 1/2 20:47 1:06 0:00
Victor Olofsson 0 0 0 0 0 2 2 0 0 2 0/0 15:03 0:00 0:00
Wade Allison 0 0 0 0 0 1 0 0 0 0 0/1 6:18 0:00 0:00
Zachary Senyshyn 0 0 0 0 0 0 0 0 0 0 0/0 0:27 0:00 0:00
3 Stars
1 - Nick Ritchie (Tor)
2 - Pavel Zacha (Tor)
3 - Lawson Crouse (Chi)
Power Play
Marlies - 0 on 1 Attempt(s) - 0.00%
Wolves - 2 on 3 Attempt(s) - 66.67%
Penalty Kill
Marlies - 1 on 3 Attempt(s) - 33.33%
- Score 0 goal in Penalty Kill
Wolves - 1 on 1 Attempt(s) - 100.00%
- Score 0 goal in Penalty Kill
Team Stat
Marlies - Hits : 21 - Faceoff Wins : 38 - Blocked Shots : 15 - Penalty Minutes : 6
Wolves - Hits : 19 - Faceoff Wins : 36 - Blocked Shots : 16 - Penalty Minutes : 2
Official
Referees : Frederick L'Ecuyer and Reid Anderson
Linesman : Scott Cherrey and Travis Gawryletz
Game Notes
No Game Note
Finance
Level 1 -- Attendance: 1786 (89.30%) -- Ticket Income $62,510
Level 2 -- Attendance: 895 (89.50%) -- Ticket Income $13,425
Total Attendance: 2681 (89.37%)
Total Ticket Income: $75,935
Other Income: $3,797
Total Income: $79,732
Marlies
5 vs 5 Forward
Center Left Wing Right Wing Time % Phy DF OF
1 Pavel Zacha Nick Ritchie Nicholas Baptiste 40 1 2 2
2 Aleksi Saarela Shane Prince JT Compher 30 1 2 2
3 Colton Sissons Johan Larsson Linden Vey 20 1 2 2
4 Logan Brown Tyler Benson Mathieu Olivier 10 1 2 2
5 vs 5 Defense
Defense Defense Time % Phy DF OF
1 Haydn Fleury Neal Pionk 40 1 2 2
2 Tim Erixon Brett Pesce 30 1 2 2
3 Jeff Corbett Lucas Carlsson 20 1 2 2
4 Haydn Fleury Neal Pionk 10 1 2 2
PowerPlay Forward
Center Left Wing Right Wing Time % Phy DF OF
1 Pavel Zacha Nick Ritchie Nicholas Baptiste 60 1 2 2
2 Colton Sissons Shane Prince JT Compher 40 1 2 2
PowerPlay Defense
Defense Defense Time % Phy DF OF
1 Haydn Fleury Neal Pionk 60 1 2 2
2 Jeff Corbett Brett Pesce 40 1 2 2
Penalty Kill 4 Players Forward
Center Wing Time % Phy DF OF
1 Colton Sissons Nick Ritchie 60 1 2 2
2 Aleksi Saarela Linden Vey 40 1 2 2
Penalty Kill 4 Players Defense
Defense Defense Time % Phy DF OF
1 Haydn Fleury Tim Erixon 60 1 2 2
2 Neal Pionk Brett Pesce 40 1 2 2
Penalty Kill - 3 Players Forward
Forward Time % Phy DF OF
1 Colton Sissons 60 1 2 2
2 Aleksi Saarela 40 1 2 2
Penalty Kill - 3 Players Defense
Defense Defense Time % Phy DF OF
1 Haydn Fleury Tim Erixon 60 1 2 2
2 Neal Pionk Brett Pesce 40 1 2 2
4 vs 4 Forward
Center Wing Time % Phy DF OF
1 Pavel Zacha Nick Ritchie 60 1 2 2
2 Colton Sissons Nicholas Baptiste 40 1 2 2
4 vs 4 Defense
Defense Defense Time % Phy DF OF
1 Haydn Fleury Neal Pionk 60 1 2 2
2 Tim Erixon Brett Pesce 40 1 2 2
Last Minutes Offensive
Center Left Wing Right Wing Defense Defense
Colton Sissons Nick Ritchie Linden Vey Haydn Fleury Tim Erixon
Last Minutes Defensive
Center Left Wing Right Wing Defense Defense
Colton Sissons Nick Ritchie Linden Vey Haydn Fleury Tim Erixon
Goaltenders
Starting : Malcolm Subban
Backup : Charlie Lindgren
Extra Forwards
Normal : Nicholas Baptiste, Johan Larsson, Shane Prince - PP : Nicholas Baptiste, Johan Larsson - PK : Nicholas Baptiste
Extra Defensemen
Normal : Brett Pesce, Jeff Corbett, Lucas Carlsson - PP : Brett Pesce - PK : Brett Pesce, Jeff Corbett
Penalty Shots
Linden Vey, Nick Ritchie, JT Compher, Colton Sissons, Nicholas Baptiste
Scratches
Brycen Martin (Healthy), Dennis Gilbert (Healthy), Henri Ikonen (Healthy), Jaden Lindo (Healthy), Jakob Forsbacka-Karlsson (Healthy)
Radovan Bondra (Healthy), Simon Bourque (Healthy), Tobias Lindberg (Healthy), Zack MacEwen (Healthy), Otto Koivula (Healthy)
Jamie Phillips (Healthy)
Wolves
5 vs 5 Forward
Center Left Wing Right Wing Time % Phy DF OF
1 Sebastian Aho Lawson Crouse Alexandre Grenier 40 1 2 2
2 Kyle Rau Fredrik Olofsson Thomas Spelling 30 1 2 2
3 Antti Suomela Kieffer Bellows Victor Olofsson 20 1 2 2
4 Jake Evans Lawson Crouse Wade Allison 10 1 2 2
5 vs 5 Defense
Defense Defense Time % Phy DF OF
1 Jeffrey Foss Joe Morrow 40 1 2 2
2 Anton Lindholm Jeff Petry 30 1 2 2
3 Jakub Zboril Jalen Chatfield 20 1 2 2
4 Samuel Girard Kale Clague 10 1 2 2
PowerPlay Forward
Center Left Wing Right Wing Time % Phy DF OF
1 Kyle Rau Lawson Crouse Alexandre Grenier 60 1 2 2
2 Sebastian Aho Fredrik Olofsson Thomas Spelling 40 1 2 2
PowerPlay Defense
Defense Defense Time % Phy DF OF
1 Jeffrey Foss Joe Morrow 60 1 2 2
2 Anton Lindholm Jeff Petry 40 1 2 2
Penalty Kill 4 Players Forward
Center Wing Time % Phy DF OF
1 Kyle Rau Lawson Crouse 60 1 2 2
2 Sebastian Aho Fredrik Olofsson 40 1 2 2
Penalty Kill 4 Players Defense
Defense Defense Time % Phy DF OF
1 Jeffrey Foss Joe Morrow 60 1 2 2
2 Anton Lindholm Jeff Petry 40 1 2 2
Penalty Kill - 3 Players Forward
Forward Time % Phy DF OF
1 Kyle Rau 60 1 2 2
2 Sebastian Aho 40 1 2 2
Penalty Kill - 3 Players Defense
Defense Defense Time % Phy DF OF
1 Jeffrey Foss Joe Morrow 60 1 2 2
2 Anton Lindholm Jeff Petry 40 1 2 2
4 vs 4 Forward
Center Wing Time % Phy DF OF
1 Kyle Rau Lawson Crouse 60 1 2 2
2 Sebastian Aho Fredrik Olofsson 40 1 2 2
4 vs 4 Defense
Defense Defense Time % Phy DF OF
1 Jeffrey Foss Joe Morrow 60 1 2 2
2 Anton Lindholm Jeff Petry 40 1 2 2
Last Minutes Offensive
Center Left Wing Right Wing Defense Defense
Kyle Rau Lawson Crouse Alexandre Grenier Jeffrey Foss Joe Morrow
Last Minutes Defensive
Center Left Wing Right Wing Defense Defense
Kyle Rau Lawson Crouse Alexandre Grenier Jeffrey Foss Joe Morrow
Goaltenders
Starting : Laurent Brossoit
Backup : Ebbe Siönäs
Extra Forwards
Normal : Thomas Spelling, Victor Olofsson, Antti Suomela - PP : Thomas Spelling, Victor Olofsson - PK : Thomas Spelling
Extra Defensemen
Normal : Jalen Chatfield, Samuel Girard, Kale Clague - PP : Jalen Chatfield - PK : Jalen Chatfield, Samuel Girard
Penalty Shots
Alexandre Grenier, Kyle Rau, Sebastian Aho, Lawson Crouse, Thomas Spelling
Scratches
Eric Robinson (Strained Back Injury), Sergei Kostenko (Healthy)
% Time on Ice - Marlies
Lines # - Real PCT - Wanted PCT - Time Play
Normal Forward
1 - 36% - 40% - 19:39
2 - 29% - 30% - 16:08
3 - 22% - 20% - 11:55
4 - 13% - 10% - 7:08
Normal Defense
1 - 37% - 40% - 20:15
2 - 31% - 30% - 17:09
3 - 25% - 20% - 13:44
4 - 7% - 10% - 3:42
PP Forward
1 - 62% - 60% - 1:14
2 - 38% - 40% - 0:45
PP Defense
1 - 71% - 60% - 1:24
2 - 29% - 40% - 0:35
PK Forward
1 - 90% - 60% - 2:51
2 - 10% - 40% - 0:20
PK Defense
1 - 66% - 60% - 2:07
2 - 34% - 40% - 1:04
PK3 Forward
1 - 0% - 60%
2 - 0% - 40%
PK3 Defense
1 - 0% - 60%
2 - 0% - 40%
44 Forward
1 - 82% - 60% - 4:07
2 - 18% - 40% - 0:53
44 Defense
1 - 67% - 60% - 3:21
2 - 33% - 40% - 1:39
Last Minute Offensive - 0:00
Last Minute Defensive - 0:00
Total
Forward - 65:00
Defense - 65:00
|
% Time on Ice - Wolves
Lines # - Real PCT - Wanted PCT - Time Play
Normal Forward
1 - 31% - 40% - 17:13
2 - 33% - 30% - 17:59
3 - 24% - 20% - 13:20
4 - 11% - 10% - 6:18
Normal Defense
1 - 39% - 40% - 21:07
2 - 27% - 30% - 14:59
3 - 21% - 20% - 11:39
4 - 13% - 10% - 7:05
PP Forward
1 - 65% - 60% - 2:05
2 - 35% - 40% - 1:06
PP Defense
1 - 61% - 60% - 1:56
2 - 39% - 40% - 1:15
PK Forward
1 - 78% - 60% - 1:33
2 - 22% - 40% - 0:26
PK Defense
1 - 61% - 60% - 1:12
2 - 39% - 40% - 0:47
PK3 Forward
1 - 0% - 60%
2 - 0% - 40%
PK3 Defense
1 - 0% - 60%
2 - 0% - 40%
44 Forward
1 - 74% - 60% - 3:43
2 - 26% - 40% - 1:17
44 Defense
1 - 53% - 60% - 2:39
2 - 47% - 40% - 2:21
Last Minute Offensive - 0:00
Last Minute Defensive - 0:00
Total
Forward - 65:00
Defense - 65:00
|
Play-by-Play
1st period
0:01 of 1st period - Pavel Zacha wins face-off versus Sebastian Aho in neutral zone.
0:34 of 1st period - Jeffrey Foss is hit by Haydn Fleury and loses puck.
0:49 of 1st period - Slapshot by Thomas Spelling.
0:49 of 1st period - Stopped by Malcolm Subban without a rebound.
0:50 of 1st period - Linden Vey wins face-off versus Antti Suomela in Marlies zone.
1:20 of 1st period - Icing by Anton Lindholm.
1:21 of 1st period - Antti Suomela wins face-off versus Pavel Zacha in Wolves zone.
1:30 of 1st period - Wrist shot by Antti Suomela.
1:30 of 1st period - Shot Blocked by Nicholas Baptiste.
3:22 of 1st period - Wrist shot by Logan Brown.
3:22 of 1st period - Stopped by Laurent Brossoit without a rebound.
3:23 of 1st period - Logan Brown wins face-off versus Fredrik Olofsson in Wolves zone.
4:06 of 1st period - Wrist shot by Mathieu Olivier.
4:06 of 1st period - Stopped by Laurent Brossoit with a rebound.
4:08 of 1st period - Snap shot by Tyler Benson.
4:08 of 1st period - Stopped by Laurent Brossoit with a rebound.
4:18 of 1st period - Wrist shot by Victor Olofsson.
4:18 of 1st period - Shot Blocked by Mathieu Olivier.
4:24 of 1st period - Wrist shot by Victor Olofsson.
4:24 of 1st period - Shot Misses the Net.
4:26 of 1st period - Slapshot by Jeffrey Foss.
4:26 of 1st period - Shot Hit the Post.
4:28 of 1st period - Slapshot by Joe Morrow.
4:28 of 1st period - Stopped by Malcolm Subban without a rebound.
4:29 of 1st period - Pavel Zacha wins face-off versus Sebastian Aho in Marlies zone.
4:34 of 1st period - Lawson Crouse is hit by Nick Ritchie and loses puck.
4:54 of 1st period - Kyle Rau is hit by JT Compher and loses puck.
5:01 of 1st period - Snap shot by Aleksi Saarela.
5:01 of 1st period - Stopped by Laurent Brossoit with a rebound.
5:21 of 1st period - Snap shot by Lawson Crouse.
5:21 of 1st period - Shot Blocked by Haydn Fleury.
5:31 of 1st period - Snap shot by Nick Ritchie.
5:31 of 1st period - Stopped by Laurent Brossoit with a rebound.
5:33 of 1st period - Slapshot by Neal Pionk.
5:33 of 1st period - Stopped by Laurent Brossoit without a rebound.
5:34 of 1st period - Sebastian Aho wins face-off versus Pavel Zacha in Wolves zone.
5:39 of 1st period - Backhand shot by Sebastian Aho.
5:39 of 1st period - Shot Misses the Net.
5:41 of 1st period - Backhand shot by Alexandre Grenier.
5:41 of 1st period - Shot Blocked by Brett Pesce.
5:56 of 1st period - Slapshot by Jeffrey Foss.
5:56 of 1st period - Stopped by Malcolm Subban without a rebound.
5:57 of 1st period - Pavel Zacha wins face-off versus Kyle Rau in Marlies zone.
5:57 of 1st period - Pavel Zacha is hit by Kyle Rau.
6:05 of 1st period - Snap shot by Pavel Zacha.
6:05 of 1st period - Stopped by Laurent Brossoit without a rebound.
6:06 of 1st period - Kyle Rau wins face-off versus Pavel Zacha in Wolves zone.
6:39 of 1st period - Slapshot by Thomas Spelling.
6:39 of 1st period - Deflect By Kyle Rau.
6:39 of 1st period - Shot Misses the Net.
6:39 of 1st period - Puck is out of play.
6:40 of 1st period - Sebastian Aho wins face-off versus Aleksi Saarela in Marlies zone.
6:41 of 1st period - Slapshot by Alexandre Grenier.
6:41 of 1st period - Deflect By Tim Erixon.
6:41 of 1st period - Shot Misses the Net.
6:41 of 1st period - Puck is out of play.
6:42 of 1st period - Sebastian Aho wins face-off versus Aleksi Saarela in Marlies zone.
6:43 of 1st period - Wrist shot by Alexandre Grenier.
6:43 of 1st period - Stopped by Malcolm Subban with a rebound.
6:45 of 1st period - Wrist shot by Sebastian Aho.
6:45 of 1st period - Shot Misses the Net.
6:47 of 1st period - Wrist shot by Alexandre Grenier.
6:47 of 1st period - Shot Misses the Net.
7:25 of 1st period - Joe Morrow is hit by Brett Pesce and loses puck.
8:00 of 1st period - Wrist shot by Sebastian Aho.
8:00 of 1st period - Deflect By Alexandre Grenier.
8:00 of 1st period - Stopped by Malcolm Subban without a rebound.
8:01 of 1st period - Kyle Rau wins face-off versus Pavel Zacha in Marlies zone.
8:02 of 1st period - Wrist shot by Thomas Spelling.
8:02 of 1st period - Deflect By Kyle Rau.
8:02 of 1st period - Shot Misses the Net.
8:02 of 1st period - Puck is out of play.
8:03 of 1st period - Kyle Rau wins face-off versus Pavel Zacha in Marlies zone.
8:06 of 1st period - Wrist shot by Thomas Spelling.
8:06 of 1st period - Stopped by Malcolm Subban with a rebound.
8:18 of 1st period - Icing by Nick Ritchie.
8:19 of 1st period - Pavel Zacha wins face-off versus Antti Suomela in Marlies zone.
8:42 of 1st period - Snap shot by Nicholas Baptiste.
8:42 of 1st period - Shot Misses the Net.
8:44 of 1st period - Snap shot by Haydn Fleury.
8:44 of 1st period - Stopped by Laurent Brossoit with a rebound.
8:46 of 1st period - Slapshot by Nicholas Baptiste.
8:46 of 1st period - Shot Misses the Net.
8:48 of 1st period - Slapshot by Neal Pionk.
8:48 of 1st period - Stopped by Laurent Brossoit without a rebound.
8:49 of 1st period - Colton Sissons wins face-off versus Kyle Rau in Wolves zone.
8:50 of 1st period - Snap shot by Linden Vey.
8:50 of 1st period - Stopped by Laurent Brossoit with a rebound.
9:41 of 1st period - Logan Brown is hit by Antti Suomela and loses puck.
10:25 of 1st period - Icing by Colton Sissons.
10:26 of 1st period - Kyle Rau wins face-off versus Colton Sissons in Marlies zone.
10:29 of 1st period - Snap shot by Thomas Spelling.
10:29 of 1st period - Stopped by Malcolm Subban with a rebound.
10:31 of 1st period - Slapshot by Anton Lindholm.
10:31 of 1st period - Shot Misses the Net.
10:33 of 1st period - Snap shot by Thomas Spelling.
10:33 of 1st period - Stopped by Malcolm Subban without a rebound.
10:34 of 1st period - Pavel Zacha wins face-off versus Kyle Rau in Marlies zone.
10:47 of 1st period - Snap shot by Thomas Spelling.
10:47 of 1st period - Stopped by Malcolm Subban with a rebound.
11:09 of 1st period - Minor Penalty to Colton Sissons for Hooking.
11:10 of 1st period - Nicholas Baptiste wins face-off versus Kyle Rau in Marlies zone.
11:10 of 1st period - Nicholas Baptiste is hit by Lawson Crouse.
11:15 of 1st period - Lawson Crouse is hit by Tim Erixon.
11:23 of 1st period - Snap shot by Kyle Rau.
11:23 of 1st period - Stopped by Malcolm Subban without a rebound.
11:24 of 1st period - Nicholas Baptiste wins face-off versus Kyle Rau in Marlies zone.
11:50 of 1st period - Tim Erixon is hit by Thomas Spelling.
12:00 of 1st period - Snap shot by Sebastian Aho.
12:00 of 1st period - Stopped by Malcolm Subban without a rebound.
12:01 of 1st period - Nicholas Baptiste wins face-off versus Alexandre Grenier in Marlies zone.
12:14 of 1st period - Wrist shot by Lawson Crouse.
12:14 of 1st period - Goal by Lawson Crouse - Marlies : 0 - Wolves : 1.
12:15 of 1st period - Lawson Crouse wins face-off versus Aleksi Saarela in neutral zone.
12:36 of 1st period - Shane Prince is hit by Joe Morrow and loses puck.
13:07 of 1st period - Colton Sissons is hit by Antti Suomela and loses puck.
14:41 of 1st period - Victor Olofsson is hit by Colton Sissons and loses puck.
14:59 of 1st period - Off-side.
15:00 of 1st period - Sebastian Aho wins face-off versus Pavel Zacha in neutral zone.
15:19 of 1st period - Wrist shot by Thomas Spelling.
15:19 of 1st period - Stopped by Malcolm Subban without a rebound.
15:20 of 1st period - Aleksi Saarela wins face-off versus Kyle Rau in Marlies zone.
15:29 of 1st period - Wrist shot by Kyle Rau.
15:29 of 1st period - Stopped by Malcolm Subban without a rebound.
15:30 of 1st period - Pavel Zacha wins face-off versus Sebastian Aho in Marlies zone.
15:37 of 1st period - Wrist shot by Sebastian Aho.
15:37 of 1st period - Shot Blocked by Brett Pesce.
15:39 of 1st period - Slapshot by Jeff Petry.
15:39 of 1st period - Shot Misses the Net.
15:41 of 1st period - Snap shot by Alexandre Grenier.
15:41 of 1st period - Deflect By Lawson Crouse.
15:41 of 1st period - Shot Misses the Net.
15:41 of 1st period - Puck is out of play.
15:42 of 1st period - Pavel Zacha wins face-off versus Sebastian Aho in Marlies zone.
15:49 of 1st period - Snap shot by Nick Ritchie.
15:49 of 1st period - Shot Misses the Net.
15:51 of 1st period - Snap shot by Nicholas Baptiste.
15:51 of 1st period - Stopped by Laurent Brossoit with a rebound.
15:53 of 1st period - Wrist shot by Nick Ritchie.
15:53 of 1st period - Shot Blocked by Jeffrey Foss.
15:55 of 1st period - Slapshot by Jeff Corbett.
15:55 of 1st period - Shot Misses the Net.
15:57 of 1st period - Wrist shot by Nicholas Baptiste.
15:57 of 1st period - Deflect By Pavel Zacha.
15:57 of 1st period - Shot Misses the Net.
15:57 of 1st period - Puck is out of play.
15:58 of 1st period - Kyle Rau wins face-off versus Aleksi Saarela in Wolves zone.
16:03 of 1st period - Snap shot by Kyle Rau.
16:03 of 1st period - Stopped by Malcolm Subban with a rebound.
16:47 of 1st period - Off-side.
16:48 of 1st period - Colton Sissons wins face-off versus Antti Suomela in neutral zone.
17:12 of 1st period - Slapshot by Jeffrey Foss.
17:12 of 1st period - Deflect By Victor Olofsson.
17:12 of 1st period - Stopped by Malcolm Subban without a rebound.
17:13 of 1st period - Sebastian Aho wins face-off versus Pavel Zacha in Marlies zone.
17:28 of 1st period - Wrist shot by Nicholas Baptiste.
17:28 of 1st period - Stopped by Laurent Brossoit with a rebound.
18:01 of 1st period - Victor Olofsson is hit by Colton Sissons.
18:21 of 1st period - Joe Morrow is hit by Haydn Fleury and loses puck.
18:28 of 1st period - Snap shot by Tyler Benson.
18:28 of 1st period - Stopped by Laurent Brossoit without a rebound.
18:29 of 1st period - Pavel Zacha wins face-off versus Kyle Rau in Wolves zone.
18:54 of 1st period - Shane Prince is hit by Alexandre Grenier and loses puck.
18:59 of 1st period - Snap shot by Sebastian Aho.
18:59 of 1st period - Stopped by Malcolm Subban with a rebound.
19:01 of 1st period - Slapshot by Lawson Crouse.
19:01 of 1st period - Stopped by Malcolm Subban with a rebound.
19:03 of 1st period - Wrist shot by Alexandre Grenier.
19:03 of 1st period - Shot Blocked by Tim Erixon.
19:05 of 1st period - Snap shot by Lawson Crouse.
19:05 of 1st period - Deflect By Alexandre Grenier.
19:05 of 1st period - Stopped by Malcolm Subban with a rebound.
19:40 of 1st period - Wrist shot by Thomas Spelling.
19:40 of 1st period - Stopped by Malcolm Subban without a rebound.
19:41 of 1st period - Kyle Rau wins face-off versus Pavel Zacha in Marlies zone.
19:44 of 1st period - Snap shot by Thomas Spelling.
19:44 of 1st period - Goal by Thomas Spelling - Marlies : 0 - Wolves : 2.
19:45 of 1st period - Sebastian Aho wins face-off versus Pavel Zacha in neutral zone.
Goals for this period are 0 for Marlies vs 2 for Wolves.
Shots for this period are 13 for Marlies vs 21 for Wolves.
2nd period
0:01 of 2nd period - Sebastian Aho wins face-off versus Pavel Zacha in neutral zone.
0:45 of 2nd period - Colton Sissons is hit by Kieffer Bellows and loses puck.
0:58 of 2nd period - Icing by Jakub Zboril.
0:59 of 2nd period - Nick Ritchie wins face-off versus Antti Suomela in Wolves zone.
1:04 of 2nd period - Snap shot by Pavel Zacha.
1:04 of 2nd period - Shot Blocked by Jalen Chatfield.
1:06 of 2nd period - Slapshot by Tim Erixon.
1:06 of 2nd period - Shot Blocked by Jakub Zboril.
1:08 of 2nd period - Backhand shot by Nicholas Baptiste.
1:08 of 2nd period - Shot Misses the Net.
1:42 of 2nd period - Jakub Zboril is hit by Johan Larsson and loses puck.
2:01 of 2nd period - Haydn Fleury is hit by Fredrik Olofsson and loses puck.
2:06 of 2nd period - Snap shot by Kyle Rau.
2:06 of 2nd period - Shot Misses the Net.
2:08 of 2nd period - Slapshot by Fredrik Olofsson.
2:08 of 2nd period - Stopped by Malcolm Subban without a rebound.
2:09 of 2nd period - Pavel Zacha wins face-off versus Sebastian Aho in Marlies zone.
2:34 of 2nd period - Thomas Spelling is hit by Shane Prince and loses puck.
3:14 of 2nd period - Wrist shot by Antti Suomela.
3:14 of 2nd period - Shot Blocked by Brett Pesce.
3:16 of 2nd period - Slapshot by Jeff Petry.
3:16 of 2nd period - Shot Misses the Net.
4:00 of 2nd period - Slapshot by Neal Pionk.
4:00 of 2nd period - Stopped by Laurent Brossoit with a rebound.
4:04 of 2nd period - Wrist shot by Aleksi Saarela.
4:04 of 2nd period - Deflect By JT Compher.
4:04 of 2nd period - Stopped by Laurent Brossoit without a rebound.
4:05 of 2nd period - Kyle Rau wins face-off versus Pavel Zacha in Wolves zone.
4:32 of 2nd period - Aleksi Saarela is hit by Samuel Girard and loses puck.
5:01 of 2nd period - Slapshot by Lawson Crouse.
5:01 of 2nd period - Stopped by Malcolm Subban with a rebound.
5:20 of 2nd period - Icing by Neal Pionk.
5:21 of 2nd period - Kyle Rau wins face-off versus Colton Sissons in Marlies zone.
5:26 of 2nd period - Slapshot by Thomas Spelling.
5:26 of 2nd period - Stopped by Malcolm Subban with a rebound.
5:32 of 2nd period - Slapshot by Thomas Spelling.
5:32 of 2nd period - Shot Blocked by Neal Pionk.
6:05 of 2nd period - Snap shot by Jake Evans.
6:05 of 2nd period - Stopped by Malcolm Subban with a rebound.
6:07 of 2nd period - Snap shot by Jeff Petry.
6:07 of 2nd period - Shot Blocked by Linden Vey.
6:09 of 2nd period - Snap shot by Anton Lindholm.
6:09 of 2nd period - Deflect By Wade Allison.
6:09 of 2nd period - Shot Misses the Net.
6:09 of 2nd period - Puck is out of play.
6:10 of 2nd period - Pavel Zacha wins face-off versus Jake Evans in Marlies zone.
6:22 of 2nd period - Snap shot by Jake Evans.
6:22 of 2nd period - Shot Misses the Net.
7:02 of 2nd period - Slapshot by Tim Erixon.
7:02 of 2nd period - Shot Blocked by Jeffrey Foss.
7:18 of 2nd period - Sebastian Aho is hit by Nick Ritchie and loses puck.
7:47 of 2nd period - Minor Penalty to Colton Sissons for Interference.
7:48 of 2nd period - Alexandre Grenier wins face-off versus Nicholas Baptiste in Marlies zone.
7:54 of 2nd period - Snap shot by Lawson Crouse.
7:54 of 2nd period - Deflect By Alexandre Grenier.
7:54 of 2nd period - Goal by Alexandre Grenier - Marlies : 0 - Wolves : 3.
7:55 of 2nd period - Pavel Zacha wins face-off versus Sebastian Aho in neutral zone.
7:58 of 2nd period - Wrist shot by Nick Ritchie.
7:58 of 2nd period - Shot Blocked by Jeff Petry.
8:00 of 2nd period - Snap shot by Pavel Zacha.
8:00 of 2nd period - Goal by Pavel Zacha - Marlies : 1 - Wolves : 3.
8:01 of 2nd period - Pavel Zacha wins face-off versus Sebastian Aho in neutral zone.
8:04 of 2nd period - Slapshot by Haydn Fleury.
8:04 of 2nd period - Shot Misses the Net.
8:51 of 2nd period - Slapshot by Logan Brown.
8:51 of 2nd period - Shot Blocked by Jeffrey Foss.
9:05 of 2nd period - Slapshot by Joe Morrow.
9:05 of 2nd period - Stopped by Malcolm Subban with a rebound.
9:07 of 2nd period - Snap shot by Jeffrey Foss.
9:07 of 2nd period - Shot Blocked by Linden Vey.
9:19 of 2nd period - Snap shot by Thomas Spelling.
9:19 of 2nd period - Deflect By Colton Sissons.
9:19 of 2nd period - Shot Misses the Net.
9:19 of 2nd period - Puck is out of play.
9:20 of 2nd period - Sebastian Aho wins face-off versus Pavel Zacha in Marlies zone.
9:33 of 2nd period - Slapshot by Pavel Zacha.
9:33 of 2nd period - Shot Misses the Net.
9:35 of 2nd period - Snap shot by Tim Erixon.
9:35 of 2nd period - Stopped by Laurent Brossoit without a rebound.
9:36 of 2nd period - Aleksi Saarela wins face-off versus Sebastian Aho in Wolves zone.
9:47 of 2nd period - Snap shot by Sebastian Aho.
9:47 of 2nd period - Shot Misses the Net.
9:49 of 2nd period - Snap shot by Anton Lindholm.
9:49 of 2nd period - Deflect By Lawson Crouse.
9:49 of 2nd period - Stopped by Malcolm Subban with a rebound.
10:18 of 2nd period - Jalen Chatfield is hit by Johan Larsson and loses puck.
11:07 of 2nd period - Wrist shot by Aleksi Saarela.
11:07 of 2nd period - Deflect By Shane Prince.
11:07 of 2nd period - Shot Hit the Post.
11:07 of 2nd period - Puck is out of play.
11:08 of 2nd period - Kyle Rau wins face-off versus Pavel Zacha in Wolves zone.
11:12 of 2nd period - Off-side.
11:13 of 2nd period - Kyle Rau wins face-off versus Pavel Zacha in neutral zone.
12:13 of 2nd period - Icing by Jeffrey Foss.
12:14 of 2nd period - Antti Suomela wins face-off versus Pavel Zacha in Wolves zone.
12:19 of 2nd period - Slapshot by Brett Pesce.
12:19 of 2nd period - Stopped by Laurent Brossoit with a rebound.
12:21 of 2nd period - Snap shot by Nicholas Baptiste.
12:21 of 2nd period - Shot Misses the Net.
12:37 of 2nd period - Slapshot by Joe Morrow.
12:37 of 2nd period - Deflect By Kieffer Bellows.
12:37 of 2nd period - Stopped by Malcolm Subban with a rebound.
12:51 of 2nd period - Slapshot by Joe Morrow.
12:51 of 2nd period - Stopped by Malcolm Subban with a rebound.
12:53 of 2nd period - Snap shot by Victor Olofsson.
12:53 of 2nd period - Shot Blocked by Tim Erixon.
12:55 of 2nd period - Slapshot by Jeffrey Foss.
12:55 of 2nd period - Shot Blocked by JT Compher.
12:57 of 2nd period - Wrist shot by Victor Olofsson.
12:57 of 2nd period - Stopped by Malcolm Subban with a rebound.
12:59 of 2nd period - Slapshot by Joe Morrow.
12:59 of 2nd period - Deflect By Victor Olofsson.
12:59 of 2nd period - Shot Misses the Net.
12:59 of 2nd period - Puck is out of play.
13:00 of 2nd period - Sebastian Aho wins face-off versus Pavel Zacha in Marlies zone.
13:30 of 2nd period - Wrist shot by Thomas Spelling.
13:30 of 2nd period - Stopped by Malcolm Subban with a rebound.
14:43 of 2nd period - Wrist shot by Jake Evans.
14:43 of 2nd period - Stopped by Malcolm Subban without a rebound.
14:44 of 2nd period - Antti Suomela wins face-off versus Aleksi Saarela in Marlies zone.
14:45 of 2nd period - Snap shot by Victor Olofsson.
14:45 of 2nd period - Shot Misses the Net.
15:09 of 2nd period - Lucas Carlsson is hit by Fredrik Olofsson and loses puck.
15:52 of 2nd period - Slapshot by Neal Pionk.
15:52 of 2nd period - Stopped by Laurent Brossoit without a rebound.
15:53 of 2nd period - Pavel Zacha wins face-off versus Antti Suomela in Wolves zone.
17:13 of 2nd period - Off-side.
17:14 of 2nd period - Antti Suomela wins face-off versus Pavel Zacha in neutral zone.
17:45 of 2nd period - Icing by Shane Prince.
17:46 of 2nd period - Aleksi Saarela wins face-off versus Sebastian Aho in Marlies zone.
18:09 of 2nd period - Wrist shot by Neal Pionk.
18:09 of 2nd period - Stopped by Laurent Brossoit with a rebound.
18:15 of 2nd period - Wrist shot by JT Compher.
18:15 of 2nd period - Shot Blocked by Lawson Crouse.
18:17 of 2nd period - Wrist shot by Aleksi Saarela.
18:17 of 2nd period - Goal by Aleksi Saarela - Marlies : 2 - Wolves : 3.
18:18 of 2nd period - Sebastian Aho wins face-off versus Pavel Zacha in neutral zone.
18:53 of 2nd period - Snap shot by Thomas Spelling.
18:53 of 2nd period - Shot Misses the Net.
19:29 of 2nd period - Jake Evans is hit by Linden Vey and loses puck.
Goals for this period are 2 for Marlies vs 1 for Wolves.
Shots for this period are 8 for Marlies vs 12 for Wolves.
3rd period
0:01 of 3rd period - Pavel Zacha wins face-off versus Sebastian Aho in neutral zone.
0:06 of 3rd period - Slapshot by Neal Pionk.
0:06 of 3rd period - Shot Blocked by Lawson Crouse.
0:30 of 3rd period - Kyle Rau is hit by Aleksi Saarela and loses puck.
0:59 of 3rd period - Slapshot by Johan Larsson.
0:59 of 3rd period - Deflect By Antti Suomela.
0:59 of 3rd period - Shot Misses the Net.
0:59 of 3rd period - Puck is out of play.
1:00 of 3rd period - Sebastian Aho wins face-off versus Pavel Zacha in Wolves zone.
1:00 of 3rd period - Sebastian Aho is hit by Tim Erixon.
1:10 of 3rd period - Snap shot by Sebastian Aho.
1:10 of 3rd period - Stopped by Malcolm Subban without a rebound.
1:11 of 3rd period - Pavel Zacha wins face-off versus Sebastian Aho in Marlies zone.
1:27 of 3rd period - Snap shot by Alexandre Grenier.
1:27 of 3rd period - Shot Blocked by Nick Ritchie.
1:37 of 3rd period - Fredrik Olofsson is hit by Aleksi Saarela and loses puck.
1:42 of 3rd period - Snap shot by JT Compher.
1:42 of 3rd period - Stopped by Laurent Brossoit with a rebound.
1:44 of 3rd period - Slapshot by Brett Pesce.
1:44 of 3rd period - Deflect By Thomas Spelling.
1:44 of 3rd period - Stopped by Laurent Brossoit without a rebound.
1:45 of 3rd period - Sebastian Aho wins face-off versus Shane Prince in Wolves zone.
2:00 of 3rd period - Snap shot by Sebastian Aho.
2:00 of 3rd period - Stopped by Malcolm Subban with a rebound.
2:12 of 3rd period - Wrist shot by Brett Pesce.
2:12 of 3rd period - Stopped by Laurent Brossoit without a rebound.
2:13 of 3rd period - Pavel Zacha wins face-off versus Kyle Rau in Wolves zone.
2:20 of 3rd period - Snap shot by Nicholas Baptiste.
2:20 of 3rd period - Shot Blocked by Kyle Rau.
3:13 of 3rd period - Snap shot by Nick Ritchie.
3:13 of 3rd period - Stopped by Laurent Brossoit with a rebound.
3:15 of 3rd period - Snap shot by Tim Erixon.
3:15 of 3rd period - Shot Blocked by Samuel Girard.
3:46 of 3rd period - Nick Ritchie is hit by Thomas Spelling and loses puck.
4:25 of 3rd period - Slapshot by Nicholas Baptiste.
4:25 of 3rd period - Shot Blocked by Thomas Spelling.
4:27 of 3rd period - Wrist shot by Nick Ritchie.
4:27 of 3rd period - Shot Misses the Net.
4:29 of 3rd period - Slapshot by Jeff Corbett.
4:29 of 3rd period - Shot Blocked by Kale Clague.
4:31 of 3rd period - Slapshot by Nick Ritchie.
4:31 of 3rd period - Stopped by Laurent Brossoit with a rebound.
4:33 of 3rd period - Snap shot by Nicholas Baptiste.
4:33 of 3rd period - Shot Misses the Net.
4:54 of 3rd period - Snap shot by Nick Ritchie.
4:54 of 3rd period - Goal by Nick Ritchie - Marlies : 3 - Wolves : 3.
4:55 of 3rd period - Aleksi Saarela wins face-off versus Sebastian Aho in neutral zone.
4:58 of 3rd period - Wrist shot by Haydn Fleury.
4:58 of 3rd period - Stopped by Laurent Brossoit with a rebound.
5:06 of 3rd period - Snap shot by JT Compher.
5:06 of 3rd period - Shot Misses the Net.
5:08 of 3rd period - Slapshot by Neal Pionk.
5:08 of 3rd period - Shot Blocked by Jeffrey Foss.
5:10 of 3rd period - Slapshot by Neal Pionk.
5:10 of 3rd period - Shot Blocked by Jeffrey Foss.
6:00 of 3rd period - Wade Allison is hit by Tyler Benson and loses puck.
6:18 of 3rd period - Slapshot by Logan Brown.
6:18 of 3rd period - Stopped by Laurent Brossoit with a rebound.
6:26 of 3rd period - Backhand shot by Joe Morrow.
6:26 of 3rd period - Shot Misses the Net.
6:28 of 3rd period - Snap shot by Wade Allison.
6:28 of 3rd period - Stopped by Malcolm Subban with a rebound.
6:34 of 3rd period - Snap shot by Jake Evans.
6:34 of 3rd period - Shot Misses the Net.
6:36 of 3rd period - Slapshot by Jeffrey Foss.
6:36 of 3rd period - Deflect By Wade Allison.
6:36 of 3rd period - Shot Misses the Net.
6:36 of 3rd period - Puck is out of play.
6:37 of 3rd period - Aleksi Saarela wins face-off versus Antti Suomela in Marlies zone.
7:02 of 3rd period - Anton Lindholm is hit by Linden Vey.
7:12 of 3rd period - Backhand shot by Colton Sissons.
7:12 of 3rd period - Shot Misses the Net.
8:26 of 3rd period - Jake Evans is hit by JT Compher and loses puck.
9:55 of 3rd period - Minor Penalty to Thomas Spelling for Roughing.
9:56 of 3rd period - Kyle Rau wins face-off versus Pavel Zacha in Wolves zone.
10:02 of 3rd period - Icing by Neal Pionk.
10:03 of 3rd period - Kyle Rau wins face-off versus Pavel Zacha in Marlies zone.
10:16 of 3rd period - Wrist shot by Haydn Fleury.
10:16 of 3rd period - Stopped by Laurent Brossoit without a rebound.
10:17 of 3rd period - Pavel Zacha wins face-off versus Kyle Rau in Wolves zone.
10:22 of 3rd period - Snap shot by Nicholas Baptiste.
10:22 of 3rd period - Shot Blocked by Jeffrey Foss.
11:06 of 3rd period - Slapshot by Joe Morrow.
11:06 of 3rd period - Stopped by Malcolm Subban without a rebound.
11:07 of 3rd period - Sebastian Aho wins face-off versus Colton Sissons in Marlies zone.
11:55 of 3rd period - Penalty to Thomas Spelling is over, Thomas Spelling is back on ice.
12:15 of 3rd period - Minor Penalty to Mathieu Olivier for Hooking.
12:16 of 3rd period - Colton Sissons wins face-off versus Kyle Rau in Marlies zone.
13:01 of 3rd period - Icing by Sebastian Aho.
13:02 of 3rd period - Sebastian Aho wins face-off versus Colton Sissons in Wolves zone.
13:17 of 3rd period - Nick Ritchie is hit by Lawson Crouse and loses puck.
14:13 of 3rd period - Off-side.
14:14 of 3rd period - Sebastian Aho wins face-off versus Nicholas Baptiste in neutral zone.
14:15 of 3rd period - Penalty to Mathieu Olivier is over, Mathieu Olivier is back on ice.
14:29 of 3rd period - Wrist shot by Thomas Spelling.
14:29 of 3rd period - Stopped by Malcolm Subban with a rebound.
14:39 of 3rd period - Aleksi Saarela is hit by Victor Olofsson and loses puck.
14:48 of 3rd period - JT Compher is hit by Victor Olofsson and loses puck.
14:59 of 3rd period - Shane Prince is hit by Jalen Chatfield and loses puck.
15:07 of 3rd period - Icing by Jalen Chatfield.
15:08 of 3rd period - Nick Ritchie wins face-off versus Wade Allison in Wolves zone.
15:37 of 3rd period - Slapshot by Jakub Zboril.
15:37 of 3rd period - Stopped by Malcolm Subban with a rebound.
15:39 of 3rd period - Wrist shot by Jalen Chatfield.
15:39 of 3rd period - Stopped by Malcolm Subban with a rebound.
15:41 of 3rd period - Slapshot by Jalen Chatfield.
15:41 of 3rd period - Stopped by Malcolm Subban with a rebound.
15:43 of 3rd period - Slapshot by Jakub Zboril.
15:43 of 3rd period - Deflect By Victor Olofsson.
15:43 of 3rd period - Shot Misses the Net.
15:43 of 3rd period - Puck is out of play.
15:44 of 3rd period - Pavel Zacha wins face-off versus Kyle Rau in Marlies zone.
16:09 of 3rd period - Johan Larsson is hit by Alexandre Grenier and loses puck.
16:49 of 3rd period - Sebastian Aho is hit by Shane Prince and loses puck.
17:00 of 3rd period - Backhand shot by JT Compher.
17:00 of 3rd period - Shot Blocked by Anton Lindholm.
17:02 of 3rd period - Wrist shot by Aleksi Saarela.
17:02 of 3rd period - Stopped by Laurent Brossoit with a rebound.
17:10 of 3rd period - Slapshot by Neal Pionk.
17:10 of 3rd period - Shot Misses the Net.
17:14 of 3rd period - Snap shot by Shane Prince.
17:14 of 3rd period - Shot Misses the Net.
17:16 of 3rd period - Slapshot by Haydn Fleury.
17:16 of 3rd period - Deflect By Alexandre Grenier.
17:16 of 3rd period - Stopped by Laurent Brossoit without a rebound.
17:17 of 3rd period - Pavel Zacha wins face-off versus Kyle Rau in Wolves zone.
17:20 of 3rd period - Slapshot by Nick Ritchie.
17:20 of 3rd period - Shot Misses the Net.
17:44 of 3rd period - Tim Erixon is hit by Kieffer Bellows and loses puck.
19:26 of 3rd period - Icing by Johan Larsson.
19:27 of 3rd period - Nicholas Baptiste wins face-off versus Sebastian Aho in Marlies zone.
Goals for this period are 1 for Marlies vs 0 for Wolves.
Shots for this period are 11 for Marlies vs 8 for Wolves.
Overtime #1
0:01 of 1st overtime period - Pavel Zacha wins face-off versus Kyle Rau in neutral zone.
0:08 of 1st overtime period - Backhand shot by Joe Morrow.
0:08 of 1st overtime period - Shot Blocked by Neal Pionk.
0:10 of 1st overtime period - Backhand shot by Jeffrey Foss.
0:10 of 1st overtime period - Shot Misses the Net.
0:12 of 1st overtime period - Slapshot by Lawson Crouse.
0:12 of 1st overtime period - Shot Blocked by Haydn Fleury.
0:47 of 1st overtime period - Slapshot by Neal Pionk.
0:47 of 1st overtime period - Stopped by Laurent Brossoit without a rebound.
0:48 of 1st overtime period - Thomas Spelling wins face-off versus Nicholas Baptiste in Wolves zone.
1:59 of 1st overtime period - Pavel Zacha is hit by Thomas Spelling and loses puck.
2:10 of 1st overtime period - Jeffrey Foss is hit by Nicholas Baptiste and loses puck.
2:15 of 1st overtime period - Wrist shot by Nicholas Baptiste.
2:15 of 1st overtime period - Shot Misses the Net.
2:29 of 1st overtime period - Slapshot by Jeff Corbett.
2:29 of 1st overtime period - Stopped by Laurent Brossoit without a rebound.
2:30 of 1st overtime period - Sebastian Aho wins face-off versus Johan Larsson in Wolves zone.
2:45 of 1st overtime period - Snap shot by Fredrik Olofsson.
2:45 of 1st overtime period - Shot Misses the Net.
3:11 of 1st overtime period - Snap shot by Colton Sissons.
3:11 of 1st overtime period - Shot Misses the Net.
3:13 of 1st overtime period - Snap shot by Brett Pesce.
3:13 of 1st overtime period - Shot Misses the Net.
3:15 of 1st overtime period - Snap shot by Nicholas Baptiste.
3:15 of 1st overtime period - Stopped by Laurent Brossoit with a rebound.
3:17 of 1st overtime period - Slapshot by Brett Pesce.
3:17 of 1st overtime period - Stopped by Laurent Brossoit with a rebound.
3:19 of 1st overtime period - Snap shot by Colton Sissons.
3:19 of 1st overtime period - Deflect By Nicholas Baptiste.
3:19 of 1st overtime period - Shot Misses the Net.
3:19 of 1st overtime period - Puck is out of play.
3:20 of 1st overtime period - Fredrik Olofsson wins face-off versus Pavel Zacha in Wolves zone.
3:42 of 1st overtime period - Icing by Haydn Fleury.
3:43 of 1st overtime period - Pavel Zacha wins face-off versus Thomas Spelling in Marlies zone.
4:43 of 1st overtime period - Icing by Tim Erixon.
4:44 of 1st overtime period - Johan Larsson wins face-off versus Sebastian Aho in Marlies zone.
Goals for this period are 0 for Marlies vs 0 for Wolves.
Shots for this period are 4 for Marlies vs 0 for Wolves.
ShootOut
5:00 of 1st overtime period - Round #1.
5:00 of 1st overtime period - Marlies, Linden Vey.
5:00 of 1st overtime period - Snap shot by Linden Vey.
5:00 of 1st overtime period - Stopped by Laurent Brossoit.
5:00 of 1st overtime period - Wolves, Alexandre Grenier.
5:00 of 1st overtime period - Backhand shot by Alexandre Grenier.
5:00 of 1st overtime period - Goal by Alexandre Grenier.
5:00 of 1st overtime period - Round #2.
5:00 of 1st overtime period - Marlies, Nick Ritchie.
5:00 of 1st overtime period - Deke by Nick Ritchie.
5:00 of 1st overtime period - Stopped by Laurent Brossoit.
5:00 of 1st overtime period - Wolves, Kyle Rau.
5:00 of 1st overtime period - Backhand shot by Kyle Rau.
5:00 of 1st overtime period - Stopped by Malcolm Subban.
5:00 of 1st overtime period - Round #3.
5:00 of 1st overtime period - Marlies, JT Compher.
5:00 of 1st overtime period - Wrist shot by JT Compher.
5:00 of 1st overtime period - Stopped by Laurent Brossoit.